 Dungeon Crawl Stone Soup version 0.20.0-10-g0535bb4 (webtiles) character file.

224 xgamer67 the Archer (level 5, 0/40 HPs)
             Began as a Centaur Arcane Marksman on June 7, 2017.
             Was an Initiate of Okawaru.
             Shot with an arrow by a centaur (8 damage)
             ... on level 6 of the Dungeon.
             The game lasted 00:12:40 (3475 turns).

xgamer67 the Archer (Centaur Arcane Marksman)       Turns: 3475, Time: 00:12:40

Health: 0/40       AC:  6    Str: 13    XL:     5   Next: 67%
Magic:  6/6        EV:  8    Int: 13    God:    Okawaru [......]
Gold:   12         SH:  0    Dex:  9    Spells: 3/6 levels left

rFire    . . .     SeeInvis .   b - +2 short sword (venom)
rCold    . . .     Gourm    .   (no shield)
rNeg     . . .     Faith    .   w - +0 ring mail
rPois    .         Spirit   .   (no helmet)
rElec    .         Reflect  .   (no cloak)
rCorr    .         Harm     .   t - +0 pair of gloves
MR       .....                  (no barding)
Stlth    ..........             (no amulet)
Regen    0.2/turn               (no ring)
MPRegen  0.1/turn               (no ring)

@: drained, very quick
A: hooves 3, deformed body, speed 2, tough skin 3
a: Renounce Religion


You were on level 6 of the Dungeon.
You worshipped Okawaru.
Okawaru was noncommittal.
You were very hungry.

You visited 2 branches of the dungeon, and saw 6 of its levels.

You collected 146 gold pieces.
You spent 134 gold pieces at shops.

Inventory:

Hand Weapons
 a - a +0 shortbow
 b - a +2 short sword of venom (weapon)
 v - a +0 spear
Missiles
 d - 44 arrows
Armour
 o - a +0 leather armour
 q - a +0 scale mail
 t - a +0 pair of gloves (worn)
 w - a +0 ring mail (worn)
Wands
 u - a wand of acid (13/15)
Scrolls
 e - a scroll of recharging {unknown}
 h - 4 scrolls of teleportation {unknown}
 m - 3 scrolls of remove curse {unknown}
 r - a scroll of magic mapping
 s - a scroll of identify {unknown}
 y - a scroll of noise {unknown}
 A - a scroll of amnesia {unknown}
Potions
 g - a potion of magic {unknown}
 j - a potion of curing {unknown}
 k - a potion of brilliance {unknown}
 n - a potion of degeneration {unknown}
 x - a potion of might {unknown}
 z - a potion of heal wounds {unknown}
Books
 c - a book of Debilitation

   Spells                             Type                      Level
   a - Corona                         Hexes                        1
   b - Slow                           Hexes                        2
   c - Inner Flame                    Hexes/Fire                   3
   d - Portal Projectile              Hexes/Translocation          3
   e - Cause Fear                     Hexes                        4
   f - Leda's Liquefaction            Hexes/Earth                  4
Comestibles
 f - 3 bread rations
 i - 4 fruits
 l - 3 meat rations
 p - a royal jelly


   Skills:
 - Level 1.0(0.7) Fighting
 + Level 8.0(7.7) Bows
 - Level 1.3(1.1) Dodging
 - Level 1.0(0.7) Spellcasting
 - Level 2.6(2.4) Hexes


You had 3 spell levels left.
You knew the following spells:

 Your Spells              Type           Power        Failure   Level  Hunger
a - Corona                Hex            #......      24%         1    ##.....
b - Slow                  Hex            #.......     34%         2    ###....


Dungeon Overview and Level Annotations

Branches:
Dungeon (6/15)             Temple (1/1) D:6

Altars:
Ashenzari
Cheibriados
Dithmenos
Fedhas
Hepliaklqana
Kikubaaqudgha
Makhleb
Okawaru
Qazlal
Ru
Sif Muna
Uskayaw
Vehumet
Xom
Yredelemnul
The Shining One

Shops:
D:6 *

Annotations:
D:3 Purgy


Innate Abilities, Weirdness & Mutations

You have hooves in place of feet.
Armour fits poorly on your strangely shaped body.
You cover ground very quickly.
You have extremely tough skin. (AC +3)


Message History

The orc shouts!
A black bear comes into view.
A centaur comes into view.
The centaur shouts!
The centaur wields a shortbow.
The centaur shoots an arrow.
The arrow hits you!
You see here an arrow.
An orc wizard comes into view. It is wielding a dagger.
The orc wizard gestures wildly while chanting.
The orc wizard blinks!
The centaur shoots an arrow.
The arrow completely misses you.
Found a leather armour.
You see here an arrow.
The centaur shoots an arrow.
The arrow hits you!
* * * LOW HITPOINT WARNING * * *
You see here an arrow.
A bullfrog comes into view.
As you read the scroll labeled WIUDAHIEPN, it crumbles to dust.
You feel aware of your surroundings.
It was a scroll of magic mapping.
The centaur shoots an arrow.
The arrow hits you!
You die...

*,,,,,,,*,* *,,,,,,,*
*****##+#+######*,,,,,,,*
#...........,,,,,,,*
#............,,,,,,*
#.............,,,,,,
#...F........#*.....
#............##.....
#...................
#..@................
#.....h...c.........
#........Y..........
#......o............
#......(...(........
#............#(#####
##############.# #.# #.#


You could see a black bear, an ice beast, a bullfrog, a centaur and an orc.

Vanquished Creatures
  A scorpion (D:6)
  2 jellies (D:6)
  An iguana (D:6)
  3 adders (D:6)
  2 oozes
  A worm (D:2)
  A dart slug (D:1)
  A leopard gecko (D:2)
  A ball python (D:2)
  4 bats
  3 giant cockroaches
  A goblin (D:1)
  6 hobgoblins
  5 jackals (D:1)
  A quokka (D:2)
  2 frilled lizards
  7 kobolds
  4 rats
46 creatures vanquished.

Vanquished Creatures (others)
  A giant cockroach (D:2)
  A goblin (D:2)
2 creatures vanquished.

Grand Total: 48 creatures vanquished

Notes
Turn   | Place    | Note
-------+----------+-------------------------------------------
     0 | D:1      | xgamer67 the Centaur Arcane Marksman began the quest for the Orb.
     0 | D:1      | Reached XP level 1. HP: 16/16 MP: 2/2
    73 | D:1      | Reached skill level 3 in Bows
   369 | D:1      | Reached XP level 2. HP: 21/23 MP: 3/3
   463 | D:1      | Reached skill level 4 in Bows
   497 | D:1      | Learned a level 2 spell: Slow
  1493 | D:2      | Reached XP level 3. HP: 27/28 MP: 4/4
  1609 | D:2      | Found a glowing golden altar of the Shining One.
  1674 | D:2      | Found a radiant altar of Vehumet.
  1721 | D:2      | Reached skill level 5 in Bows
  2156 | D:3      | Found a faded altar of an unknown god.
  2193 | D:3      | Noticed Purgy
  2477 | D:4      | You fall through a shaft for 2 floors!
  2489 | D:6      | Reached skill level 6 in Bows
  2489 | D:6      | Reached XP level 4. HP: 35/35 MP: 5/5
  2565 | D:6      | Found a sacrificial altar of Ru.
  2603 | D:6      | Found a staircase to the Ecumenical Temple.
  2612 | Temple   | Entered the Ecumenical Temple
  2756 | Temple   | Became a worshipper of Warmaster Okawaru
  2946 | D:6      | Reached skill level 7 in Bows
  2946 | D:6      | Reached XP level 5. HP: 15/40 MP: 6/6
  3203 | D:6      | Found Loc Simp's Assorted Antiques.
  3206 | D:6      | Bought a scroll labeled POEPPA ZOIJETIS for 28 gold pieces
  3206 | D:6      | Bought an emerald potion for 25 gold pieces
  3206 | D:6      | Bought a scroll labeled CIZOTSIEFU for 28 gold pieces
  3206 | D:6      | Bought a silvery potion for 25 gold pieces
  3206 | D:6      | Bought a scroll labeled RIFAEM VOASAHO for 28 gold pieces
  3236 | D:6      | Noticed an ice beast
  3243 | D:6      | Reached skill level 8 in Bows
  3398 | D:6      | Noticed an ice beast
  3463 | D:6      | Noticed a black bear
  3463 | D:6      | Noticed a centaur
  3475 | D:6      | Shot with an arrow by a centaur

Skill      XL: |  1  2  3  4  5 |
---------------+----------------+-----
Bows           | 3 4 6 7 8 |  8.0
Fighting       | |  1.0
Dodging        | |  1.3
Spellcasting   | |  1.0
Hexes          | |  2.6

Action                   |  1- 3 |  4- 6 || total
-------------------------+-------+-------++-------
Melee: Mace              |    24 |       ||    24
       Kick              |    22 |     7 ||    29
       Dagger            |    40 |       ||    40
       Short sword       |    39 |    23 ||    62
 Fire: Shortbow          |    47 |    16 ||    63
  Use: Scroll            |       |     1 ||     1
  Eat: Chunk             |     3 |     2 ||     5
Armor: Robe              |    15 |       ||    15
       Leather armour    |    12 |       ||    12
       Ring mail         |    11 |    16 ||    27
Dodge: Dodged            |    57 |     4 ||    61
